 Dungeon Crawl Stone Soup version 0.27.0-1-g7a089689b8 (webtiles) character file.

Game seed: 10492260416087132132

58193 inmateoo the Grappler (level 14, -3/140 HPs)
             Began as a Troll Wanderer on Aug 9, 2021.
             Was a High Priest of Okawaru.
             Slain by a 13-headed hydra (10 damage)
             ... on level 14 of the Dungeon.
             The game lasted 00:25:31 (13606 turns).

inmateoo the Grappler (Troll Wanderer)             Turns: 13606, Time: 00:25:31

Health: -3/140     AC: 18    Str: 24    XL:     14   Next: 48%
Magic:  17/17      EV: 14    Int: 10    God:    Okawaru [*****.]
Gold:   2533       SH:  9    Dex: 10    Spells: 11/19 levels left

rFire    . . .     SeeInvis .     - Unarmed
rCold    . . .     Faith    .   p - +0 kite shield {AC+3}
rNeg     . . .     Spirit   .   n - +0 acid dragon scales
rPois    .         Reflect  .   J - +0 hat {Will+}
rElec    .         Harm     .   S - +2 cloak {Will+}
rCorr    +         Rampage  .   (gloves unavailable)
Will     +++..                  (boots unavailable)
Stlth    +.........             (no amulet)
HPRegen  1.33/turn              H - +4 ring of protection
MPRegen  0.15/turn              o - +4 ring of evasion

@: no status effects
A: large, unfitting armour, claws 3, regeneration 1, shaggy fur 1, tough skin 1
a: Renounce Religion, Heroism, Finesse


You were on level 14 of the Dungeon.
You worshipped Okawaru.
Okawaru was extremely pleased with you.
You visited 2 branches of the dungeon, and saw 15 of its levels.
You visited 1 bazaar.
You also visited: Bailey.

You collected 2793 gold pieces.
You spent 260 gold pieces at shops.

Inventory:

Hand Weapons
 g - the +9 staff of Olgreb {rPois∞}
   (You acquired it on level 10 of the Dungeon)

   If the wielder is skilled in Evocations, they can envenom those struck by it,
   dealing poison damage which bypasses armour.
   It enhances your poison magic.
   It grants immunity to poison.
   It can be evoked to radiate toxic energy, with effectiveness depending on
   Evocations skill.
Missiles
 e - 484 stones
 m - 14 boomerangs
 q - 5 throwing nets
 t - 21 large rocks (quivered)
 w - 3 javelins
 G - 4 boomerangs of dispersal
Armour
 n - +0 acid dragon scales (worn)
 p - a +0 kite shield of protection (worn)
 u - the +2 hat of the Tick {rPois rC- rCorr Dex+9}
   (You found it on level 10 of the Dungeon)

   Dex:       It affects your dexterity (+9).
   rC:        It makes you vulnerable to cold.
   rPois:     It protects you from poison.
   rCorr:     It protects you from acid and corrosion.
 J - a +0 hat of willpower (worn)
 S - a +2 cloak of willpower (worn)
Jewellery
 o - a +4 ring of evasion (right claw)
 C - an amulet of magic regeneration
 E - a ring of poison resistance
 H - a +4 ring of protection (left claw)
 L - an amulet of the acrobat
Wands
 h - a wand of iceblast (39)
 s - a wand of flame (26)
 y - a wand of mindburst (15)
 O - a wand of paralysis (9)
 Q - a wand of digging (8)
Scrolls
 i - 3 scrolls of enchant weapon
 k - a scroll of teleportation
 z - 2 scrolls of enchant armour
 B - 2 scrolls of magic mapping
 K - 4 scrolls of silence
 M - a scroll of fear
 P - 2 scrolls of holy word
 R - a scroll of amnesia
Potions
 a - 3 potions of invisibility
 b - 2 potions of ambrosia
 d - a potion of flight
 j - a potion of mutation
 l - 2 potions of heal wounds
 r - 4 potions of curing
 v - 6 potions of brilliance
 x - a potion of resistance
 A - 4 potions of attraction
 D - 2 potions of might
 F - 2 potions of haste
 I - a potion of magic
Miscellaneous
 c - a phantom mirror


   Skills:
 + Level 9.1 Fighting
 - Level 1.7 Maces & Flails
 + Level 9.8 Throwing
 + Level 8.9 Dodging
 - Level 1.0 Stealth
 - Level 4.0 Shields
 * Level 14.4 Unarmed Combat
 + Level 3.2 Spellcasting
 + Level 1.7 Transmutations
 - Level 1.0 Ice Magic
 + Level 2.2 Earth Magic
 + Level 5.3 Invocations
 + Level 4.8 Evocations


You had 11 spell levels left.
You knew the following spells:

 Your Spells              Type           Power      Damage    Failure   Level
a - Blink                 Tloc           N/A        N/A       83%         2
b - Statue Form           Tmut/Erth      3%         N/A       100%        6

Your spell library contained the following spells:

 Spells                   Type           Power      Damage    Failure   Level
 Freeze                   Ice            12%        1d4       56%         1
 Sting                    Tmut/Pois      12%        1d3       56%         1
 Animate Skeleton         Necr           2%         N/A       71%         1
 Corona                   Hex            1%         N/A       71%         1
 Pain                     Necr           4%         1d4       71%         1
 Ensorcelled Hibernation  Hex/Ice        4%         N/A       77%         2
 Slow                     Hex            1%         N/A       83%         2
 Ozocubu's Armour         Ice            3%         N/A       90%         3
 Spider Form              Tmut/Pois      1%         N/A       91%         3
 Ignite Poison            Fire/Tmut/Pois 2%         N/A       94%         3
 Call Canine Familiar     Summ           1%         N/A       97%         3
 Confusing Touch          Hex            1%         N/A       97%         3
 Conjure Flame            Conj/Fire      1%         6-21      97%         3
 Inner Flame              Hex/Fire       1%         N/A       97%         3
 Portal Projectile        Hex/Tloc       2%         N/A       97%         3
 Tukima's Dance           Hex            1%         N/A       97%         3
 Vampiric Draining        Necr           0%         2d6       97%         3
 Petrify                  Tmut/Erth      5%         N/A       99%         4
 Cause Fear               Hex            0%         N/A       100%        4
 Fulminant Prism          Conj/Hex       0%         3d6       100%        4
 Iskenderun's Mystic Bla  Conj/Tloc      1%         2d3       100%        4
 Leda's Liquefaction      Hex/Erth       1%         N/A       100%        4
 Sticky Flame             Conj/Fire      1%         2d3       100%        4
 Lee's Rapid Deconstruct  Erth           3%         3d6*      100%        5
 Manifold Assault         Tloc           1%         N/A       100%        5
 Metabolic Englaciation   Hex/Ice        1%         N/A       100%        5
 Yara's Violent Unravell  Hex/Tmut       1%         3d3       100%        5
 Ozocubu's Refrigeration  Ice            1%         4d5       100%        7
 Storm Form               Tmut/Air       1%         N/A       100%        7
 Discord                  Hex            0%         N/A       100%        8


Dungeon Overview and Level Annotations

Branches:
Dungeon (14/15)            Temple (1/1) D:7            Lair (0/6) D:11
    Orc (0/2) D:12         Vaults (0/5) D:13         Bailey (visited)

Altars:
Ashenzari
Cheibriados
Dithmenos
Elyvilon
Fedhas
Gozag
Hepliaklqana
Kikubaaqudgha
Makhleb
Nemelex Xobeh
Okawaru
Qazlal
Ru
Sif Muna
Trog
Uskayaw
Vehumet
Wu Jian
Xom
Yredelemnul
Zin
The Shining One

Shops:
D:2 :   D:3 (

Annotations:
D:9 exclusion: orange crystal statue


Innate Abilities, Weirdness & Mutations

You are too large for most types of armour.
You have claws for hands.
Your natural rate of healing is unusually fast.
You are covered in fur. (AC +1)
You have tough skin. (AC +1)


Message History

You tear one of the ten-headed hydra's heads off!
The nine-headed hydra grows two more!
You mangle the 11-headed hydra!!
The 11-headed hydra is severely wounded.
You tear one of the 11-headed hydra's heads off!
The ten-headed hydra grows two more!
You claw the 12-headed hydra!
The 12-headed hydra is severely wounded.
The 12-headed hydra bites you but does no damage.
The 12-headed hydra bites you. The 12-headed hydra barely misses you.
The 12-headed hydra bites you. You block the 12-headed hydra's attack.
The 12-headed hydra bites you but does no damage.
The 12-headed hydra barely misses you. x2; The 12-headed hydra bites you!
The 12-headed hydra bites you but does no damage.
You block the 12-headed hydra's attack. The 12-headed hydra misses you.
You barely miss the 12-headed hydra.
The 12-headed hydra is severely wounded.
The 12-headed hydra bites you. The 12-headed hydra bites you!
The 12-headed hydra misses you. The 12-headed hydra bites you!
The 12-headed hydra bites you.
The 12-headed hydra bites you but does no damage.
The 12-headed hydra bites you. The 12-headed hydra bites you!
* * * LOW HITPOINT WARNING * * *
The 12-headed hydra bites you.
* * * LOW HITPOINT WARNING * * *
The 12-headed hydra bites you!
* * * LOW HITPOINT WARNING * * *
The 12-headed hydra bites you but does no damage.
The 12-headed hydra barely misses you.
You are too injured to fight recklessly!
You rip one of the 12-headed hydra's heads off!
The 11-headed hydra grows two more!
You claw the 13-headed hydra!
The 13-headed hydra is severely wounded.
The 13-headed hydra bites you but does no damage.
The 13-headed hydra bites you!
* * * LOW HITPOINT WARNING * * *
The 13-headed hydra closely misses you.
The 13-headed hydra bites you but does no damage. x3
The 13-headed hydra closely misses you. The 13-headed hydra bites you.
* * * LOW HITPOINT WARNING * * *
The 13-headed hydra bites you!
You die...

#...........#.#.......##
#...........#.#.......#
+...........'.######.###
#...........### #...#
#########+### ###.# #..
###+#### ####+## ##.
.......# #.....###
#######' .......#
#....@D(# #.......
.......# #.....#.(.(..
+.......
.......#####.....# #####
#.......
.......'...#.....#
#.......
.......###.'.....#
#....... .......#
###.....# #.......
######## #######
#....... ########


You could see a 13-headed hydra.

Vanquished Creatures
  An ironbound preserver (D:13)
  Azrael (D:14)
  Josephine (D:11)
  Harold (D:7)
  A hydra (D:14)
  2 boulder beetles (D:13)
  14 two-headed ogres
  An ogre mage (D:10)
  Erica (D:11)
  4 centaur warriors
  4 skeletal warriors
  An orc knight (Bailey)
  Pikel (D:6)
  A wizard (D:11)
  8 ugly things
  A deep elf pyromancer (D:14)
  5 cyclopes
  3 manticores
  2 unseen horrors
  Maggie (D:7)
  2 gargoyles (D:12)
  2 freezing wraiths
  3 komodo dragons
  10 trolls
  A meliai (D:12)
  A hornet (D:9)
  14 slime creatures
  A meliai zombie (D:11)
  8 shadows
  4 flying skulls (D:11)
  A centaur simulacrum (D:12)
  2 vampires
  7 wraiths
  A basilisk (shapeshifter) (D:13)
  3 humans (D:13)
  5 yaks (D:12)
  A fire elemental (D:14)
  7 vampire mosquitoes
  A steam dragon (D:8)
  2 acid dragons (D:12)
  Duvessa (D:6)
  A hell hound (D:14)
  6 water moccasins
  9 orc warriors
  2 hornet zombies
  A sky beast (D:6)
  2 black bears
  3 ogres
  12 centaurs
  A phantom (D:5)
  A lemure (D:6)
  6 bullfrogs
  2 gnoll sergeants (D:9)
  2 scorpions
  Dowan (D:6)
  A wyvern skeleton (D:6)
  16 killer bees
  11 wights
  4 howler monkeys
  13 centaur zombies
  2 hounds (D:5)
  Crazy Yiuf (D:6)
  7 centaur skeletons
  3 gnoll shamans
  4 iguanas
  13 orc wizards
  3 howler monkey zombies (D:9)
  4 adders
  17 gnolls
  2 howler monkey skeletons
  A white imp (D:6)
  3 worms
  45 orcs
  3 ball pythons (D:2)
  6 bats
  5 endoplasms
  5 giant cockroaches
  24 goblins
  20 hobgoblins
  3 kobolds (D:4)
  4 quokkas
  5 frilled lizards
  2 rats (D:2)
407 creatures vanquished.

Vanquished Creatures (collateral kills)
  A troll (D:5)
  A gnoll (D:5)
2 creatures vanquished.

Vanquished Creatures (others)
  36 fungi (D:11)
  29 plants (D:11)
65 creatures vanquished.

Grand Total: 474 creatures vanquished

Notes
Turn   | Place    | Note
-------+----------+-------------------------------------------
     0 | D:1      | inmateoo the Troll Wanderer began the quest for the Orb.
     0 | D:1      | inmateoo set off with the following items: a +0 club, a +0
                  | robe, a phantom mirror; and the following spells available
                  | to memorise: Freeze, Sting, Ozocubu's Armour, Spider Form
     0 | D:1      | Reached XP level 1. HP: 19/19 MP: 3/3
   272 | D:1      | Reached skill level 1 in Unarmed Combat
   361 | D:1      | Reached XP level 2. HP: 27/27 MP: 4/4
   792 | D:1      | Found a faded altar of an unknown god.
  1332 | D:2      | Reached XP level 3. HP: 30/33 MP: 5/5
  1341 | D:2      | Reached skill level 1 in Dodging
  1407 | D:2      | Found Hiug's Book Boutique.
  1599 | D:2      | Reached skill level 2 in Unarmed Combat
  1741 | D:3      | Identified a scroll of acquirement
  1741 | D:3      | Acquired a +6 ring of dexterity
  2003 | D:3      | Reached skill level 1 in Throwing
  2004 | D:3      | Reached XP level 4. HP: 41/41 MP: 6/6
  2014 | D:3      | Found Iczagem's Antique Weapon Shop.
  2451 | D:4      | You fall into a shaft and drop 1 floor!
  2451 | D:5      | Entered Level 5 of the Dungeon
  2480 | D:5      | Noticed a phantom
  2489 | D:5      | Killed a phantom
  2490 | D:5      | Reached skill level 3 in Unarmed Combat
  2490 | D:5      | Reached XP level 5. HP: 47/49 MP: 7/7
  2638 | D:4      | Reached XP level 6. HP: 18/57 MP: 8/8
  3112 | D:4      | Reached skill level 4 in Unarmed Combat
  3474 | D:5      | Reached XP level 7. HP: 43/66 MP: 9/9
  3886 | D:5      | Reached skill level 5 in Unarmed Combat
  4260 | D:6      | Noticed Pikel
  4291 | D:6      | Killed Pikel
  4292 | D:6      | Reached skill level 6 in Unarmed Combat
  4292 | D:6      | Reached XP level 8. HP: 49/78 MP: 10/10
  4350 | D:6      | Noticed Duvessa
  4350 | D:6      | Noticed Dowan
  4384 | D:6      | Killed Duvessa
  4417 | D:6      | Found a runed translucent door.
  4418 | D:6      | Noticed Crazy Yiuf
  4445 | D:6      | Killed Dowan
  4600 | D:6      | Noticed a troll
  4618 | D:6      | Reached skill level 7 in Unarmed Combat
  4685 | D:5      | Killed a troll
  4773 | D:6      | Found a sacrificial altar of Ru.
  4774 | D:6      | Found a glowing silver altar of Zin.
  4842 | D:6      | Reached XP level 9. HP: 57/85 MP: 11/11
  5058 | D:6      | Killed Crazy Yiuf
  5130 | D:7      | Noticed Maggie
  5131 | D:7      | Noticed Harold
  5132 | D:7      | Found a staircase to the Ecumenical Temple.
  5147 | D:7      | Killed Maggie
  5156 | D:7      | Killed Harold
  5157 | D:7      | Reached skill level 5 in Fighting
  5157 | D:7      | Reached skill level 5 in Throwing
  5157 | D:7      | Reached skill level 8 in Unarmed Combat
  5179 | D:6      | Reached skill level 5 in Dodging
  5253 | Temple   | Entered the Ecumenical Temple
  5750 | D:7      | Found a flagged portal.
  5759 | Bailey   | Entered a bailey
  5924 | Bailey   | Reached skill level 9 in Unarmed Combat
  6060 | Bailey   | Reached XP level 10. HP: 92/96 MP: 12/12
  6061 | Bailey   | Noticed an orc knight
  6102 | Bailey   | Killed an orc knight
  6271 | Bailey   | Noticed an orc knight
  6271 | Bailey   | Noticed an orc warlord
  6271 | Bailey   | Noticed an orc knight
  6472 | D:7      | Acquired a +0 kite shield of protection
  6512 | D:7      | Reached skill level 10 in Unarmed Combat
  6512 | D:7      | Reached XP level 11. HP: 107/107 MP: 13/13
  6547 | D:8      | Reached skill level 11 in Unarmed Combat
  6685 | D:8      | Noticed a centaur warrior
  6696 | D:8      | Killed a centaur warrior
  6884 | D:8      | Found a hazy altar of Hepliaklqana.
  7493 | D:8      | Found an opulent altar of Gozag.
  7493 | D:8      | Found a burning altar of Makhleb.
  7713 | D:9      | Noticed an orange crystal statue
  8130 | D:9      | Noticed a two-headed ogre
  8136 | D:9      | Killed a two-headed ogre
  8618 | D:9      | Acquired 991 gold pieces
  8629 | D:10     | Entered Level 10 of the Dungeon
  8854 | D:10     | Acquired the +9 staff of Olgreb {rPois∞}
  8855 | D:10     | Found the +9 staff of Olgreb {rPois∞}
  8924 | D:10     | Found an iron altar of Okawaru.
  9022 | D:10     | Identified the +2 hat of the Tick {rPois rC- rCorr Dex+9}
  9053 | D:10     | Became a worshipper of Warmaster Okawaru
  9064 | D:11     | Noticed a two-headed ogre
  9065 | D:11     | Noticed an ogre mage
  9065 | D:11     | Noticed a two-headed ogre
  9065 | D:11     | Noticed a two-headed ogre
  9065 | D:11     | Noticed a two-headed ogre
  9065 | D:11     | Noticed a two-headed ogre
  9077 | D:10     | Killed a two-headed ogre
  9078 | D:10     | Reached skill level 12 in Unarmed Combat
  9078 | D:10     | Reached XP level 12. HP: 86/118 MP: 14/14
  9123 | D:10     | Killed a two-headed ogre
  9128 | D:10     | Killed a two-headed ogre
  9128 | D:10     | Reached * piety under Okawaru
  9148 | D:10     | Killed a two-headed ogre
  9178 | D:10     | Killed a two-headed ogre
  9179 | D:10     | Reached skill level 1 in Invocations
  9244 | D:10     | Killed an ogre mage
  9321 | D:11     | Reached ** piety under Okawaru
  9350 | D:11     | Noticed Erica
  9369 | D:11     | Killed Erica
  9471 | D:11     | Noticed a two-headed ogre
  9471 | D:11     | Noticed a two-headed ogre
  9509 | D:11     | Killed a two-headed ogre
  9513 | D:11     | Killed a two-headed ogre
  9551 | D:11     | Found a staircase to the Lair.
  9562 | D:11     | Noticed a two-headed ogre
  9563 | D:11     | Reached *** piety under Okawaru
  9574 | D:11     | Killed a two-headed ogre
  9754 | D:11     | Noticed Josephine
  9789 | D:11     | Killed Josephine
  9789 | D:11     | Reached **** piety under Okawaru
  9798 | D:11     | Received a gift from Okawaru
  9799 | D:11     | Reached skill level 13 in Unarmed Combat
  9818 | D:11     | Reached XP level 13. HP: 93/127 MP: 15/15
  9887 | D:11     | Reached ***** piety under Okawaru
 10538 | D:12     | Received a gift from Okawaru
 10832 | D:12     | Received a gift from Okawaru
 10833 | D:12     | Found the +4 robe of Augmentation {Str+4 Int+4 Dex+4}
 11214 | D:12     | Found a staircase to the Orcish Mines.
 11582 | D:13     | Found a flickering gateway to a bazaar.
 11613 | Bazaar   | Entered a bazaar
 11613 | Bazaar   | Found Hacic's Weapon Shoppe.
 11630 | Bazaar   | Found Famm's Book Shop.
 11663 | Bazaar   | Found Lacrysta's General Store.
 11665 | Bazaar   | Found Huxt's Antique Armour Emporium.
 11669 | Bazaar   | Bought a scroll of teleportation for 36 gold pieces
 11676 | Bazaar   | Bought a runed scarf for 224 gold pieces
 11738 | D:13     | Learned a level 2 spell: Blink
 11745 | D:13     | Learned a level 6 spell: Statue Form
 12013 | D:13     | Reached skill level 14 in Unarmed Combat
 12139 | D:13     | Reached XP level 14. HP: 39/137 MP: 17/17
 12434 | D:13     | Reached skill level 1 in Earth Magic
 12719 | D:13     | Reached skill level 1 in Transmutations
 12719 | D:13     | Reached skill level 5 in Invocations
 12832 | D:13     | Received a gift from Okawaru
 12934 | D:13     | Noticed an ironbound preserver
 12949 | D:13     | Killed an ironbound preserver
 13064 | D:13     | Found a gate to the Vaults.
 13494 | D:14     | Noticed Azrael
 13499 | D:14     | Killed Azrael
 13606 | D:14     | HP: 7/140 [13-headed hydra (3)]
 13606 | D:14     | Slain by a 13-headed hydra

Illustrated notes

Levels and vault maps discovered:
D:1:      giann_wishing_wells, layout_basic, dilly_ecumenical_altar_fadedgnrine,
          st_stairs_8, minmay_tromino_mix6
D:2:      layout_basic, serial_shops, nicolae_shop_waterfront,
          kennysheep_generic_room_15
D:3:      layout_rooms, serial_shops, shop_statue, chequers_jeans, st_stairs_3,
          amcnicky_mini_corridor_feature
D:4:      layout_basic, minmay_cupped
D:5:      layout_basic
D:6:      layout_rooms, minitemple, serial_curves, eino_curves_02,
          eino_curves_01, cheibrodos_sewer_entry_bend, grunt_potential,
          uniq_duvessa, uniq_pikel, uniq_crazy_yiuf_cottage
D:7:      layout_cave_pools, minmay_temple_entry_statues_fountains,
          enter_bailey_2, uniq_harold, uniq_maggie
D:8:      layout_basic, gammafunk_temple_overflow_pools,
          nicolae_hepliaklqana_hippocampus
D:9:      minmay_polygon_palace, layout_basic, minmay_statue_bubble
D:10:     layout_rooms, kennysheep_mini
D:11:     hangedman_screamer, layout_basic, due_lair_maze_entry_diamond,
          uniq_erica
D:12:     minmay_imperfect_grid, layout_basic, nzn_life_drinkers
D:13:     layout_irregular_city, skrybe_vaults_entry_preservation, serial_shops,
          bzr_entry_customers
D:14:     layout_roguey, uniq_josephine, uniq_azrael
Temple:   compressed_dpeg_circular_temple

Skill      XL: |  1  2  3  4  5  6  7  8  9 10 11 12 13 14 |
---------------+-------------------------------------------+-----
Unarmed Combat | 1 2 3 4 6 7 9 10 12 13 14 | 14.4
Dodging        | 1 2 3 4 5 6 7 8 |  8.9
Throwing       | 1 2 3 4 5 7 8 9 |  9.8
Fighting       | 2 3 4 5 6 7 8 9 |  9.1
Shields        | 2 4 |  4.0
Invocations    | 3 4 5 |  5.3
Evocations     | 3 4 |  4.8
Earth Magic    | 2 |  2.2
Transmutations | 1 |  1.7
Spellcasting   | 3 |  3.2
Maces & Flails | |  1.7
Stealth        | |  1.0
Ice Magic      | |  1.0

Action                   |  1- 3 |  4- 6 |  7- 9 | 10-12 | 13-15 || total
-------------------------+-------+-------+-------+-------+-------++-------
Melee: Unarmed           |   109 |   156 |   237 |   543 |   607 ||  1652
       Punch             |     1 |     1 |    10 |     2 |       ||    14
Throw: Stone             |    16 |     3 |     1 |       |       ||    20
       Boomerang         |       |    15 |    12 |     2 |       ||    29
       Throwing net      |       |     1 |     2 |     2 |       ||     5
       Javelin           |       |       |     5 |       |       ||     5
       Large rock        |       |       |     3 |     1 |    18 ||    22
Invok: Heroism           |       |       |       |     1 |     3 ||     4
Evoke: Wand              |       |       |     5 |     4 |       ||     9
       Phantom mirror    |       |       |     1 |       |     1 ||     2
  Use: Scroll            |     5 |     4 |     8 |    11 |    10 ||    38
       Potion            |       |       |     2 |     1 |     1 ||     4
 Stab: Sleeping          |     3 |       |       |     2 |       ||     5
       Held in net/web   |       |       |     2 |     1 |       ||     3
       Invisible         |       |       |     1 |       |       ||     1
Armor: Robe              |    28 |    52 |    27 |       |       ||   107
       Acid dragon scale |       |       |    22 |   215 |   263 ||   500
Dodge: Dodged            |    41 |    73 |   105 |   289 |   356 ||   864
Block: Kite shield       |       |       |       |   214 |   291 ||   505
